2074 views
Uploaded 2022-12-21 02:16:45
Game version 1.32.10
29:15 long 4on4 ladder game on (8)Mur'gulOasis_LV
Saved by GIGA
2074 views
Uploaded 2022-12-21 02:16:45
Game version 1.32.10
29:15 long 4on4 ladder game on (8)Mur'gulOasis_LV


161 units @ 22.2k
/ 3.3k
117 buildings @ 15k
/ 7.7k


| Rod of Necromancy | 1 | 150 |
| Potion of Healing | 1 | 150 |
| Orb of Corruption | 1 | 375 |
| Circlet of Nobility | 1 | 175 |
| Staff of Teleportation | 1 | 150 |
| total: | 5 | 1000g |
| Acolyte | 7 | 525 | / | 0 |
| Ghoul | 17 | 2040 | / | 0 |
| Meat Wagon | 3 | 690 | / | 150 |
| Crypt Fiend | 3 | 645 | / | 120 |
| Abomination | 4 | 960 | / | 280 |
| total: | 34 | 4860g | / | 550w |
| Nerubian Tower | 1 | 100 | / | 20 |
| Spirit Tower | 1 | 145 | / | 40 |
| Crypt | 2 | 400 | / | 100 |
| Ziggurat | 7 | 1050 | / | 350 |
| Altar of Darkness | 1 | 180 | / | 50 |
| Tomb of Relics | 1 | 130 | / | 30 |
| Graveyard | 1 | 215 | / | 0 |
| Slaughterhouse | 3 | 420 | / | 405 |
| Halls of the Dead | 1 | 320 | / | 210 |
| Black Citadel | 1 | 325 | / | 230 |
| total: | 15 | 2395g | / | 935w |
| 0:03 | Acolyte |
| 0:03 | Acolyte |
| 0:11 | Crypt |
| 0:13 | Crypt |
| 0:35 | Ziggurat |
| 0:54 | Altar of Darkness |
| 1:12 | Tomb of Relics |
| 1:20 | Ghoul |
| 1:49 | Ziggurat |
| 1:51 | Ghoul |
| 2:02 | Ghoul |
| 2:10 | Nerubian Tower |
| 2:23 | Ghoul |
| 2:40 | Ghoul |
| 2:52 | Rod of Necromancy |
| 2:55 | Sleep |
| 3:03 | Ghoul |
| 3:20 | Ghoul |
| 3:29 | Ziggurat |
| 3:49 | Ghoul |
| 4:12 | Ghoul |
| 4:13 | Ghoul |
| 5:50 | Vampiric Aura |
| 6:29 | Halls of the Dead |
| 6:33 | Graveyard |
| 6:36 | Cannibalize |
| 6:38 | Ghoul |
| 6:38 | Ghoul |
| 7:12 | Sleep |
| 7:17 | Ziggurat |
| 7:20 | Ghoul |
| 7:20 | Ghoul |
| 7:21 | Ghoul |
| 7:21 | Ghoul |
| 8:07 | Unholy Armor |
| 8:08 | Unholy Strength |
| 9:41 | Potion of Healing |
| 10:05 | Spirit Tower |
| 10:19 | Black Citadel |
| 10:56 | Vampiric Aura |
| 11:07 | Improved Unholy Strength |
| 11:07 | Improved Unholy Armor |
| 11:12 | Ziggurat |
| 11:15 | Ziggurat |
| 11:22 | Ghoul |
| 12:42 | Advanced Unholy Strength |
| 12:44 | Ghoul Frenzy |
| 13:59 | Death Coil |
| 14:08 | Slaughterhouse |
| 14:08 | Slaughterhouse |
| 14:09 | Slaughterhouse |
| 16:04 | Advanced Unholy Armor |
| 16:05 | Meat Wagon |
| 16:06 | Meat Wagon |
| 16:41 | Unholy Aura |
| 17:01 | Circlet of Nobility |
| 17:06 | Staff of Teleportation |
| 17:26 | Acolyte |
| 17:26 | Acolyte |
| 17:26 | Acolyte |
| 17:26 | Acolyte |
| 17:27 | Acolyte |
| 17:30 | Ziggurat |
| 20:03 | Meat Wagon |
| 20:06 | Crypt Fiend |
| 20:07 | Burrow |
| 20:07 | Web |
| 22:20 | Crypt Fiend |
| 22:20 | Crypt Fiend |
| 23:13 | Carrion Swarm |
| 24:02 | Abomination |
| 24:02 | Disease Cloud |
| 24:03 | Abomination |
| 26:25 | Abomination |
| 26:30 | Bash |
| 27:50 | Orb of Corruption |
| 29:20 | Abomination |
| Right click | 1515 |
| Select | 385 |
| Build/train/purchase | 82 |
| Use ability | 66 |
| Resource trade | 30 |
| Misc. action | 28 |
| Item give/drop | 6 |
| Minimap ping | 3 |
NightRaven
(2)
(29:24) : 

| Healing Salve | 1 | 100 |
| Lesser Clarity Potion | 1 | 70 |
| total: | 2 | 170g |
| Peon | 16 | 1200 | / | 0 |
| Wind Rider | 17 | 4505 | / | 680 |
| Troll Batrider | 17 | 2720 | / | 680 |
| total: | 50 | 8425g | / | 1360w |
| Watch Tower | 8 | 880 | / | 640 |
| Orc Burrow | 6 | 960 | / | 240 |
| Altar of Storms | 1 | 180 | / | 50 |
| Voodoo Lounge | 1 | 130 | / | 30 |
| War Mill | 1 | 205 | / | 0 |
| Great Hall | 2 | 770 | / | 370 |
| Beastiary | 2 | 290 | / | 280 |
| Stronghold | 1 | 315 | / | 190 |
| Fortress | 1 | 325 | / | 190 |
| total: | 21 | 3415g | / | 1610w |
| 0:02 | Peon |
| 0:02 | Peon |
| 0:13 | Orc Burrow |
| 0:15 | Altar of Storms |
| 0:18 | Peon |
| 0:31 | Peon |
| 0:31 | Peon |
| 0:43 | Voodoo Lounge |
| 0:50 | Peon |
| 0:52 | Peon |
| 1:13 | War Mill |
| 1:22 | Peon |
| 1:31 | Peon |
| 1:41 | Peon |
| 2:19 | Healing Salve |
| 2:20 | Lesser Clarity Potion |
| 2:26 | Peon |
| 2:26 | Peon |
| 2:34 | Feral Spirit |
| 3:01 | Watch Tower |
| 3:02 | Watch Tower |
| 3:03 | Watch Tower |
| 3:03 | Watch Tower |
| 3:46 | Stronghold |
| 4:05 | Orc Burrow |
| 4:13 | Watch Tower |
| 4:19 | Watch Tower |
| 4:48 | Watch Tower |
| 5:27 | Orc Burrow |
| 5:57 | Great Hall |
| 6:06 | Great Hall |
| 6:10 | Chain Lighting |
| 6:18 | Peon |
| 6:18 | Peon |
| 6:26 | Reinforced Defenses |
| 6:29 | Beastiary |
| 6:41 | Steel Ranged Weapons |
| 6:43 | Beastiary |
| 7:25 | Orc Burrow |
| 7:41 | Wind Rider |
| 7:41 | Wind Rider |
| 7:47 | Wind Rider |
| 8:14 | Wind Rider |
| 9:02 | Peon |
| 9:03 | Peon |
| 9:12 | Wind Rider |
| 9:14 | Thorium Ranged Weapons |
| 9:19 | Orc Burrow |
| 9:50 | Wind Rider |
| 10:24 | Steel Armor |
| 10:31 | Chain Lighting |
| 11:14 | Wind Rider |
| 12:01 | Wind Rider |
| 12:03 | Fortress |
| 12:04 | Thorium Armor |
| 12:43 | Wind Rider |
| 12:46 | Orc Burrow |
| 13:43 | Wind Rider |
| 15:11 | Wind Rider |
| 15:11 | Wind Rider |
| 16:35 | Wind Rider |
| 17:08 | Watch Tower |
| 17:31 | Wind Rider |
| 17:31 | Wind Rider |
| 17:37 | Arcanite Armor |
| 18:10 | Wind Rider |
| 19:23 | Wind Rider |
| 19:30 | Troll Batrider |
| 19:30 | Troll Batrider |
| 19:53 | Troll Batrider |
| 20:37 | Troll Batrider |
| 21:38 | Troll Batrider |
| 21:39 | Troll Batrider |
| 21:52 | Feral Spirit |
| 22:30 | Troll Batrider |
| 22:30 | Troll Batrider |
| 22:51 | Troll Batrider |
| 22:51 | Troll Batrider |
| 22:51 | Troll Batrider |
| 23:22 | Troll Batrider |
| 23:23 | Troll Batrider |
| 24:23 | Troll Batrider |
| 24:23 | Troll Batrider |
| 28:44 | Troll Batrider |
| 28:44 | Troll Batrider |
| 29:06 | Hex |
| 29:13 | Feral Spirit |
| Right click | 710 |
| Select group | 565 |
| Select | 314 |
| Misc. action | 126 |
| Build/train/purchase | 91 |
| Chat | 63 |
| Assign group | 52 |
| Resource trade | 45 |
| Use ability | 35 |
| Minimap ping | 19 |
| Esc | 5 |
| Remove unit | 3 |



x1)
| Scroll of Regeneration | 1 | 100 |
| Scroll of Town Portal | 1 | 350 |
| Boots of Speed | 1 | 250 |
| Staff of Teleportation | 1 | 150 |
| Potion of Lesser Invulnerability | 1 | 150 |
| Tome of Retraining | 1 | 300 |
| total: | 6 | 1300g |
| Peasant | 19 | 1425 | / | 0 |
| Mortar Team | 10 | 1800 | / | 700 |
| total: | 29 | 3225g | / | 700w |
| Scout Tower | 11 | 330 | / | 220 |
| Guard Tower | 2 | 140 | / | 100 |
| Altar of Kings | 1 | 180 | / | 50 |
| Farm | 12 | 960 | / | 240 |
| Lumber Mill | 1 | 120 | / | 0 |
| Arcane Vault | 2 | 260 | / | 60 |
| Blacksmith | 1 | 140 | / | 60 |
| Town Hall | 3 | 1155 | / | 615 |
| Workshop | 3 | 420 | / | 420 |
| Keep | 1 | 320 | / | 210 |
| Castle | 1 | 360 | / | 210 |
| total: | 34 | 3565g | / | 1665w |
| 0:02 | Altar of Kings |
| 0:03 | Peasant |
| 0:03 | Peasant |
| 0:03 | Peasant |
| 0:03 | Peasant |
| 0:08 | Farm |
| 0:22 | Peasant |
| 0:46 | Farm |
| 1:00 | Lumber Mill |
| 1:01 | Peasant |
| 1:02 | Peasant |
| 1:26 | Peasant |
| 1:31 | Farm |
| 1:31 | Peasant |
| 1:32 | Peasant |
| 1:51 | Peasant |
| 1:53 | Peasant |
| 1:53 | Peasant |
| 2:02 | Improved Masonry |
| 2:03 | Peasant |
| 2:06 | Summon Water Elemental |
| 2:37 | Peasant |
| 3:04 | Scout Tower |
| 3:04 | Scout Tower |
| 3:05 | Scout Tower |
| 3:05 | Scout Tower |
| 3:07 | Scout Tower |
| 3:07 | Scout Tower |
| 3:09 | Scout Tower |
| 3:11 | Scout Tower |
| 3:33 | Guard Tower |
| 3:36 | Scout Tower |
| 3:36 | Scout Tower |
| 3:37 | Scout Tower |
| 3:38 | Guard Tower |
| 3:59 | Peasant |
| 3:59 | Peasant |
| 3:59 | Peasant |
| 4:00 | Improved Lumber Harvesting |
| 4:29 | Peasant |
| 4:36 | Keep |
| 5:45 | Brilliance Aura |
| 6:25 | Arcane Vault |
| 7:01 | Farm |
| 7:13 | Castle |
| 7:27 | Summon Water Elemental |
| 7:37 | Boots of Speed |
| 7:37 | Staff of Teleportation |
| 7:38 | Potion of Lesser Invulnerability |
| 8:00 | Blacksmith |
| 8:04 | Advanced Masonry |
| 8:06 | Advanced Lumber Harvesting |
| 8:14 | Holy Light |
| 9:12 | Farm |
| 9:13 | Farm |
| 9:14 | Farm |
| 9:44 | Black Gunpowder |
| 9:48 | Workshop |
| 9:48 | Workshop |
| 9:49 | Workshop |
| 10:23 | Imbued Masonry |
| 11:19 | Devotion Aura |
| 11:36 | Mortar Team |
| 11:38 | Farm |
| 11:38 | Farm |
| 11:39 | Farm |
| 11:49 | Storm Bolt |
| 11:53 | Brilliance Aura |
| 12:04 | Refined Gunpowder |
| 12:06 | Fragmentation Shards |
| 12:07 | Flare |
| 12:33 | Mortar Team |
| 13:06 | Mortar Team |
| 13:09 | Town Hall |
| 13:10 | Devotion Aura |
| 13:12 | Thunder Clap |
| 13:47 | Mortar Team |
| 15:42 | Mortar Team |
| 16:03 | Brilliance Aura |
| 16:04 | Tome of Retraining |
| 16:04 | Retrain Hero |
| 16:06 | Blizzard |
| 16:07 | Blizzard |
| 16:07 | Brilliance Aura |
| 16:07 | Brilliance Aura |
| 16:08 | Scroll of Town Portal |
| 16:40 | Imbued Gunpowder |
| 17:05 | Studded Leather Armor |
| 17:37 | Farm |
| 17:38 | Farm |
| 20:10 | Mortar Team |
| 21:15 | Mortar Team |
| 24:33 | Mortar Team |
| 24:33 | Mortar Team |
| 25:24 | Holy Light |
| 25:31 | Storm Bolt |
| 27:32 | Arcane Vault |
| 27:47 | Mortar Team |
| 27:52 | Town Hall |
| 27:59 | Town Hall |
| 28:01 | Scroll of Regeneration |
| 29:16 | Mass Teleport |
| 29:19 | Mass Teleport |
| Right click | 1196 |
| Select | 529 |
| Select group | 418 |
| Misc. action | 329 |
| Use ability | 158 |
| Build/train/purchase | 135 |
| Assign group | 53 |
| Chat | 29 |
| Minimap ping | 20 |
| Resource trade | 11 |
| Esc | 9 |
| Remove unit | 2 |
| Item give/drop | 1 |



| Scroll of Regeneration | 2 | 200 |
| Lesser Clarity Potion | 1 | 70 |
| Scroll of Town Portal | 2 | 700 |
| Circlet of Nobility | 1 | 175 |
| Staff of Teleportation | 1 | 150 |
| total: | 7 | 1295g |
| Peasant | 28 | 2100 | / | 0 |
| Footman | 7 | 945 | / | 0 |
| Dragonhawk Rider | 2 | 400 | / | 60 |
| Gryphon Rider | 2 | 560 | / | 140 |
| Siege Engine | 8 | 1560 | / | 480 |
| Flying Machine | 1 | 100 | / | 30 |
| total: | 48 | 5665g | / | 710w |
| Scout Tower | 10 | 300 | / | 200 |
| Arcane Tower | 1 | 70 | / | 50 |
| Guard Tower | 5 | 350 | / | 250 |
| Altar of Kings | 1 | 180 | / | 50 |
| Farm | 14 | 1120 | / | 280 |
| Barracks | 1 | 160 | / | 60 |
| Lumber Mill | 1 | 120 | / | 0 |
| Arcane Vault | 1 | 130 | / | 30 |
| Blacksmith | 1 | 140 | / | 60 |
| Town Hall | 4 | 1540 | / | 820 |
| Gryphon Aviary | 3 | 420 | / | 450 |
| Workshop | 11 | 1540 | / | 1540 |
| Keep | 1 | 320 | / | 210 |
| Castle | 1 | 360 | / | 210 |
| total: | 47 | 5650g | / | 3490w |
| 0:03 | Peasant |
| 0:03 | Peasant |
| 0:10 | Altar of Kings |
| 0:14 | Farm |
| 0:19 | Barracks |
| 0:26 | Peasant |
| 0:35 | Peasant |
| 0:54 | Farm |
| 1:01 | Peasant |
| 1:20 | Peasant |
| 1:24 | Footman |
| 1:32 | Peasant |
| 1:36 | Farm |
| 1:40 | Peasant |
| 1:49 | Scout Tower |
| 1:57 | Footman |
| 2:12 | Summon Water Elemental |
| 2:19 | Footman |
| 2:22 | Arcane Tower |
| 2:36 | Peasant |
| 2:40 | Farm |
| 3:12 | Footman |
| 3:15 | Farm |
| 3:29 | Circlet of Nobility |
| 3:40 | Staff of Teleportation |
| 3:56 | Brilliance Aura |
| 4:08 | Scout Tower |
| 4:09 | Defend |
| 4:12 | Lumber Mill |
| 4:53 | Footman |
| 4:55 | Keep |
| 4:59 | Arcane Vault |
| 5:56 | Footman |
| 6:20 | Footman |
| 6:23 | Blacksmith |
| 6:25 | Guard Tower |
| 6:27 | Scout Tower |
| 6:34 | Summon Water Elemental |
| 7:18 | Scroll of Regeneration |
| 7:19 | Scroll of Town Portal |
| 7:20 | Lesser Clarity Potion |
| 7:48 | Castle |
| 7:52 | Gryphon Aviary |
| 7:54 | Gryphon Aviary |
| 8:40 | Gryphon Aviary |
| 9:21 | Improved Lumber Harvesting |
| 9:41 | Guard Tower |
| 9:43 | Dragonhawk Rider |
| 9:51 | Farm |
| 9:56 | Scout Tower |
| 10:28 | Cloud |
| 10:28 | Dragonhawk Rider |
| 10:33 | Farm |
| 10:37 | Peasant |
| 11:10 | Storm Bolt |
| 11:22 | Town Hall |
| 11:27 | Peasant |
| 11:30 | Brilliance Aura |
| 11:45 | Workshop |
| 12:42 | Farm |
| 12:43 | Storm Hammers |
| 12:44 | Gryphon Rider |
| 13:08 | Studded Leather Armor |
| 13:10 | Black Gunpowder |
| 13:11 | Iron Forged Swords |
| 13:13 | Farm |
| 13:14 | Farm |
| 13:17 | Farm |
| 13:51 | Gryphon Rider |
| 14:14 | Fragmentation Shards |
| 14:16 | Farm |
| 15:21 | Town Hall |
| 15:54 | Peasant |
| 15:54 | Peasant |
| 15:55 | Peasant |
| 15:55 | Peasant |
| 15:59 | Storm Bolt |
| 15:59 | Bash |
| 17:01 | Workshop |
| 17:02 | Barrage |
| 17:02 | Siege Engine |
| 17:16 | Scroll of Town Portal |
| 17:20 | Scroll of Regeneration |
| 17:41 | Workshop |
| 18:08 | Siege Engine |
| 18:36 | Workshop |
| 18:51 | Workshop |
| 18:52 | Workshop |
| 19:17 | Workshop |
| 19:19 | Workshop |
| 19:43 | Workshop |
| 19:46 | Peasant |
| 19:46 | Peasant |
| 19:47 | Peasant |
| 19:47 | Peasant |
| 19:55 | Siege Engine |
| 19:59 | Workshop |
| 20:01 | Workshop |
| 20:19 | Breath of Fire |
| 20:29 | Siege Engine |
| 20:34 | Flying Machine |
| 20:36 | Flak Cannons |
| 20:36 | Farm |
| 21:08 | Town Hall |
| 21:22 | Siege Engine |
| 21:24 | Siege Engine |
| 21:26 | Siege Engine |
| 21:46 | Scout Tower |
| 21:47 | Scout Tower |
| 21:50 | Scout Tower |
| 21:52 | Peasant |
| 21:52 | Peasant |
| 21:52 | Peasant |
| 21:53 | Peasant |
| 22:24 | Siege Engine |
| 22:31 | Summon Water Elemental |
| 22:48 | Peasant |
| 22:48 | Peasant |
| 22:48 | Peasant |
| 22:49 | Peasant |
| 22:49 | Peasant |
| 23:43 | Guard Tower |
| 23:44 | Scout Tower |
| 23:47 | Guard Tower |
| 24:17 | Town Hall |
| 24:22 | Scout Tower |
| 24:23 | Guard Tower |
| 24:25 | Scout Tower |
| 24:49 | Farm |
| Right click | 651 |
| Select group | 543 |
| Select | 306 |
| Build/train/purchase | 150 |
| Assign group | 58 |
| Use ability | 31 |
| Misc. action | 24 |
| Resource trade | 20 |
| Minimap ping | 4 |
| Esc | 3 |
| Item give/drop | 1 |
108 units @ 10.4k
/ 1.9k
125 buildings @ 10.4k
/ 4.6k
DudeWhy
(236)
(29:17) : 

| Peasant | 22 | 1650 | / | 0 |
| total: | 22 | 1650g | / | 0w |
| Scout Tower | 22 | 660 | / | 440 |
| Arcane Tower | 1 | 70 | / | 50 |
| Guard Tower | 11 | 770 | / | 550 |
| Altar of Kings | 1 | 180 | / | 50 |
| Farm | 3 | 240 | / | 60 |
| Lumber Mill | 2 | 240 | / | 0 |
| Town Hall | 1 | 385 | / | 205 |
| Blacksmith | 1 | 140 | / | 60 |
| Arcane Vault | 1 | 130 | / | 30 |
| Keep | 1 | 320 | / | 210 |
| Castle | 1 | 360 | / | 210 |
| total: | 31 | 1975g | / | 845w |
| 0:03 | Peasant |
| 0:08 | Peasant |
| 0:18 | Altar of Kings |
| 0:20 | Peasant |
| 0:34 | Farm |
| 0:35 | Peasant |
| 0:50 | Lumber Mill |
| 0:51 | Peasant |
| 0:53 | Peasant |
| 1:07 | Farm |
| 1:26 | Peasant |
| 1:36 | Peasant |
| 1:40 | Scout Tower |
| 1:44 | Farm |
| 2:06 | Scout Tower |
| 2:09 | Scout Tower |
| 2:13 | Peasant |
| 2:14 | Arcane Tower |
| 2:19 | Peasant |
| 2:21 | Improved Lumber Harvesting |
| 2:24 | Peasant |
| 2:33 | Guard Tower |
| 2:37 | Scout Tower |
| 2:39 | Scout Tower |
| 3:02 | Guard Tower |
| 3:27 | Guard Tower |
| 3:31 | Storm Bolt |
| 3:33 | Storm Bolt |
| 4:42 | Peasant |
| 5:19 | Peasant |
| 5:19 | Peasant |
| 5:52 | Peasant |
| 5:56 | Scout Tower |
| 5:57 | Scout Tower |
| 5:57 | Scout Tower |
| 5:58 | Scout Tower |
| 6:37 | Guard Tower |
| 6:39 | Improved Masonry |
| 6:51 | Scout Tower |
| 6:52 | Scout Tower |
| 6:52 | Scout Tower |
| 6:53 | Scout Tower |
| 6:54 | Scout Tower |
| 7:22 | Town Hall |
| 7:24 | Scout Tower |
| 7:26 | Scout Tower |
| 7:26 | Scout Tower |
| 7:27 | Scout Tower |
| 7:30 | Guard Tower |
| 7:43 | Guard Tower |
| 8:14 | Guard Tower |
| 8:17 | Blacksmith |
| 8:27 | Guard Tower |
| 8:44 | Guard Tower |
| 8:46 | Scout Tower |
| 9:15 | Keep |
| 9:18 | Guard Tower |
| 10:21 | Scout Tower |
| 11:01 | Guard Tower |
| 11:03 | Scout Tower |
| 11:04 | Scout Tower |
| 11:11 | Peasant |
| 11:12 | Peasant |
| 11:12 | Peasant |
| 11:12 | Peasant |
| 11:48 | Castle |
| 12:53 | Holy Light |
| 13:35 | Peasant |
| 13:35 | Peasant |
| 13:36 | Peasant |
| 13:37 | Advanced Lumber Harvesting |
| 13:38 | Advanced Masonry |
| 16:28 | Divine Shield |
| 16:29 | Divine Shield |
| 17:08 | Arcane Vault |
| 17:30 | Storm Bolt |
| 17:31 | Storm Bolt |
| 17:32 | Storm Bolt |
| 17:42 | Holy Light |
| 18:13 | Holy Light |
| 21:50 | Lumber Mill |
| 24:29 | Bash |
| 24:31 | Divine Shield |
| Right click | 1514 |
| Select group | 372 |
| Select | 354 |
| Resource trade | 150 |
| Use ability | 93 |
| Build/train/purchase | 67 |
| Misc. action | 48 |
| Assign group | 18 |
| Minimap ping | 9 |


| Peasant | 14 | 1050 | / | 0 |
| total: | 14 | 1050g | / | 0w |
| Scout Tower | 26 | 780 | / | 520 |
| Guard Tower | 7 | 490 | / | 350 |
| Arcane Tower | 2 | 140 | / | 100 |
| Altar of Kings | 2 | 360 | / | 100 |
| Farm | 2 | 160 | / | 40 |
| Lumber Mill | 2 | 240 | / | 0 |
| total: | 32 | 1540g | / | 660w |
| 0:03 | Peasant |
| 0:03 | Peasant |
| 0:07 | Altar of Kings |
| 0:12 | Farm |
| 0:12 | Farm |
| 0:16 | Peasant |
| 0:26 | Peasant |
| 0:37 | Peasant |
| 0:54 | Peasant |
| 1:00 | Lumber Mill |
| 1:05 | Scout Tower |
| 1:08 | Scout Tower |
| 1:11 | Scout Tower |
| 1:23 | Peasant |
| 1:23 | Peasant |
| 1:40 | Peasant |
| 1:45 | Scout Tower |
| 1:57 | Peasant |
| 2:05 | Scout Tower |
| 2:09 | Scout Tower |
| 2:17 | Peasant |
| 2:17 | Peasant |
| 2:20 | Guard Tower |
| 2:33 | Guard Tower |
| 2:37 | Scout Tower |
| 2:41 | Scout Tower |
| 3:33 | Peasant |
| 3:33 | Peasant |
| 3:37 | Guard Tower |
| 3:59 | Guard Tower |
| 4:21 | Scout Tower |
| 4:22 | Scout Tower |
| 4:49 | Scout Tower |
| 4:53 | Guard Tower |
| 4:56 | Scout Tower |
| 6:37 | Scout Tower |
| 6:38 | Scout Tower |
| 6:39 | Scout Tower |
| 6:39 | Scout Tower |
| 6:40 | Scout Tower |
| 6:41 | Scout Tower |
| 6:42 | Scout Tower |
| 6:47 | Scout Tower |
| 6:48 | Scout Tower |
| 6:51 | Arcane Tower |
| 7:07 | Arcane Tower |
| 8:12 | Lumber Mill |
| 9:24 | Scout Tower |
| 9:25 | Scout Tower |
| 9:26 | Scout Tower |
| 9:26 | Scout Tower |
| 9:27 | Scout Tower |
| 10:03 | Guard Tower |
| 10:07 | Improved Masonry |
| 11:18 | Guard Tower |
| 15:16 | Bash |
| 15:17 | Bash |
| 22:50 | Bash |
| 27:28 | Holy Light |
| 28:05 | Altar of Kings |
| Right click | 2132 |
| Select group | 1030 |
| Select | 251 |
| Use ability | 42 |
| Build/train/purchase | 37 |
| Assign group | 13 |
| Minimap ping | 6 |
| Resource trade | 4 |
| Chat | 4 |
| Misc. action | 3 |
Cabeelibob
(194)
(29:24) : 
| Lesser Clarity Potion | 1 | 70 |
| Orb of Lightning | 1 | 375 |
| Healing Salve | 1 | 100 |
| Boots of Speed | 1 | 250 |
| Staff of Teleportation | 1 | 150 |
| total: | 5 | 945g |
| Peon | 13 | 975 | / | 0 |
| Troll Witch Doctor | 5 | 725 | / | 125 |
| total: | 18 | 1700g | / | 125w |
| Watch Tower | 14 | 1540 | / | 1120 |
| Altar of Storms | 2 | 360 | / | 100 |
| Orc Burrow | 3 | 480 | / | 120 |
| Voodoo Lounge | 3 | 390 | / | 90 |
| War Mill | 1 | 205 | / | 0 |
| Great Hall | 1 | 385 | / | 185 |
| Spirit Lodge | 2 | 300 | / | 300 |
| Stronghold | 2 | 630 | / | 380 |
| Fortress | 1 | 325 | / | 190 |
| total: | 26 | 3660g | / | 1915w |
| 0:04 | Altar of Storms |
| 0:07 | Orc Burrow |
| 0:08 | Peon |
| 0:19 | Peon |
| 0:26 | Peon |
| 0:42 | Peon |
| 0:54 | Peon |
| 0:58 | Peon |
| 1:03 | Voodoo Lounge |
| 1:08 | Voodoo Lounge |
| 1:13 | Peon |
| 1:31 | War Mill |
| 1:41 | Peon |
| 1:56 | Orc Burrow |
| 2:01 | Peon |
| 2:10 | Wind Walk |
| 2:23 | Peon |
| 2:40 | Peon |
| 4:11 | Stronghold |
| 4:22 | Peon |
| 4:22 | Peon |
| 6:17 | Watch Tower |
| 6:18 | Watch Tower |
| 6:20 | Watch Tower |
| 6:21 | Watch Tower |
| 6:37 | Great Hall |
| 6:40 | Watch Tower |
| 6:50 | Spiked Barricades |
| 7:26 | Watch Tower |
| 8:07 | Watch Tower |
| 8:49 | Watch Tower |
| 8:51 | Watch Tower |
| 8:51 | Watch Tower |
| 8:52 | Watch Tower |
| 9:03 | Boots of Speed |
| 9:04 | Staff of Teleportation |
| 9:14 | Stronghold |
| 9:16 | Watch Tower |
| 9:28 | Watch Tower |
| 11:26 | Watch Tower |
| 11:47 | Spirit Lodge |
| 12:15 | Fortress |
| 12:23 | Lesser Clarity Potion |
| 13:26 | Spirit Lodge |
| 13:42 | Altar of Storms |
| 15:46 | Witch Doctor Adept Training |
| 15:53 | Orc Burrow |
| 17:03 | Witch Doctor Master Training |
| 17:03 | Troll Witch Doctor |
| 17:04 | Troll Witch Doctor |
| 17:04 | Troll Witch Doctor |
| 17:05 | Troll Witch Doctor |
| 17:42 | Critical Strike |
| 17:53 | Voodoo Lounge |
| 17:59 | Wind Walk |
| 20:16 | Critical Strike |
| 20:23 | Orb of Lightning |
| 21:06 | Wind Walk |
| 23:01 | Healing Salve |
| 25:59 | Bladestorm |
| 29:12 | Troll Witch Doctor |
| Right click | 1706 |
| Select | 170 |
| Misc. action | 160 |
| Build/train/purchase | 90 |
| Select group | 78 |
| Use ability | 20 |
| Chat | 20 |
| Resource trade | 13 |
| Assign group | 4 |
| Minimap ping | 2 |
| Remove unit | 1 |
| Esc | 1 |


| Peasant | 11 | 825 | / | 0 |
| Flying Machine | 32 | 3200 | / | 960 |
| Mortar Team | 11 | 1980 | / | 770 |
| total: | 54 | 6005g | / | 1730w |
| Scout Tower | 9 | 270 | / | 180 |
| Arcane Tower | 1 | 70 | / | 50 |
| Guard Tower | 8 | 560 | / | 400 |
| Altar of Kings | 2 | 360 | / | 100 |
| Farm | 17 | 1360 | / | 340 |
| Lumber Mill | 4 | 480 | / | 0 |
| Blacksmith | 1 | 140 | / | 60 |
| Town Hall | 1 | 385 | / | 205 |
| Workshop | 2 | 280 | / | 280 |
| Keep | 1 | 320 | / | 210 |
| Castle | 2 | 720 | / | 420 |
| total: | 36 | 3275g | / | 1165w |
| 0:02 | Peasant |
| 0:03 | Peasant |
| 0:08 | Altar of Kings |
| 0:15 | Farm |
| 0:17 | Peasant |
| 0:20 | Peasant |
| 0:38 | Lumber Mill |
| 0:42 | Lumber Mill |
| 0:47 | Peasant |
| 0:53 | Scout Tower |
| 1:04 | Farm |
| 1:39 | Peasant |
| 1:42 | Arcane Tower |
| 1:48 | Farm |
| 1:51 | Improved Lumber Harvesting |
| 1:58 | Peasant |
| 1:58 | Peasant |
| 2:19 | Improved Masonry |
| 2:29 | Storm Bolt |
| 2:48 | Keep |
| 3:16 | Scout Tower |
| 3:38 | Scout Tower |
| 4:01 | Guard Tower |
| 4:16 | Guard Tower |
| 4:18 | Scout Tower |
| 4:51 | Guard Tower |
| 4:53 | Scout Tower |
| 5:11 | Scout Tower |
| 5:14 | Castle |
| 5:20 | Peasant |
| 5:22 | Advanced Lumber Harvesting |
| 5:23 | Advanced Masonry |
| 5:27 | Guard Tower |
| 5:31 | Peasant |
| 5:46 | Guard Tower |
| 5:50 | Scout Tower |
| 5:55 | Peasant |
| 6:13 | Castle |
| 6:17 | Holy Light |
| 6:35 | Blacksmith |
| 7:16 | Guard Tower |
| 7:19 | Scout Tower |
| 7:48 | Workshop |
| 7:53 | Black Gunpowder |
| 8:51 | Workshop |
| 8:54 | Flying Machine |
| 9:10 | Mortar Team |
| 9:25 | Mortar Team |
| 9:30 | Imbued Masonry |
| 9:37 | Studded Leather Armor |
| 9:47 | Fragmentation Shards |
| 9:47 | Flare |
| 9:58 | Flying Machine Bombs |
| 10:00 | Flak Cannons |
| 10:05 | Mortar Team |
| 10:44 | Guard Tower |
| 11:36 | Farm |
| 11:59 | Lumber Mill |
| 12:10 | Flying Machine |
| 12:11 | Flying Machine |
| 12:11 | Flying Machine |
| 12:11 | Flying Machine |
| 12:19 | Farm |
| 12:28 | Farm |
| 12:29 | Farm |
| 12:35 | Farm |
| 12:42 | Farm |
| 13:09 | Flying Machine |
| 13:13 | Farm |
| 13:19 | Farm |
| 13:19 | Farm |
| 13:22 | Scout Tower |
| 13:26 | Flying Machine |
| 13:27 | Flying Machine |
| 13:27 | Flying Machine |
| 13:29 | Farm |
| 13:41 | Flying Machine |
| 13:41 | Flying Machine |
| 14:02 | Flying Machine |
| 14:05 | Flying Machine |
| 14:18 | Flying Machine |
| 14:34 | Flying Machine |
| 14:34 | Flying Machine |
| 14:46 | Lumber Mill |
| 14:54 | Flying Machine |
| 14:55 | Flying Machine |
| 14:55 | Flying Machine |
| 15:03 | Farm |
| 15:06 | Bash |
| 15:42 | Flying Machine |
| 15:42 | Flying Machine |
| 15:48 | Guard Tower |
| 15:53 | Flying Machine |
| 15:53 | Flying Machine |
| 15:53 | Flying Machine |
| 16:18 | Flying Machine |
| 16:20 | Flying Machine |
| 16:24 | Farm |
| 16:25 | Farm |
| 17:21 | Town Hall |
| 17:31 | Farm |
| 19:35 | Altar of Kings |
| 19:40 | Mortar Team |
| 20:27 | Flying Machine |
| 20:59 | Divine Shield |
| 22:48 | Mortar Team |
| 22:48 | Mortar Team |
| 22:52 | Mortar Team |
| 24:22 | Mortar Team |
| 24:22 | Mortar Team |
| 26:50 | Mortar Team |
| 26:50 | Mortar Team |
| 27:14 | Bash |
| 27:34 | Flying Machine |
| 27:34 | Flying Machine |
| 27:34 | Flying Machine |
| 27:34 | Flying Machine |
| 27:34 | Flying Machine |
| Right click | 873 |
| Select | 389 |
| Build/train/purchase | 91 |
| Select group | 39 |
| Resource trade | 13 |
| Assign group | 11 |
| Misc. action | 6 |
| Use ability | 6 |
| Remove unit | 4 |